 Dungeon Crawl Stone Soup version 0.18.1-50-g88ac8fd (webtiles) character file.

1818 Chiseanne the Covert (level 8, -10/37 HPs)
             Began as a Spriggan Assassin on Mar 29, 2017.
             Mangled by Grinder (11 damage)
             ... while paralysed by Grinder
             ... on level 4 of the Dungeon.
             The game lasted 00:15:40 (5924 turns).

Chiseanne the Covert (Spriggan Assassin)            Turns: 5924, Time: 00:15:41

Health: -10/37     AC:  4    Str:  7    XL:     8   Next: 85%
Magic:  9/9        EV:  4    Int: 12    God:
Gold:   216        SH:  0    Dex: 20    Spells: 0 memorised, 7 levels left

rFire  . . .     SeeInvis +     a - +3 dagger
rCold  . . .     Gourm    .     c - +0 robe
rNeg   . . .     Faith    .     (shield restricted)
rPois  .         Spirit   .     (helmet restricted)
rElec  .         Dismiss  .     d - +1 cloak
rCorr  .         Reflect  .     (gloves unavailable)
SustAt .         Harm     .     (boots unavailable)
MR     +....                    i - amulet of regeneration
Stlth  ++++++....               (no ring)
                                (no ring)

@: paralysed, very quick, somewhat resistant to hostile enchantments, very
stealthy
A: unfitting armour, see invisible, herbivore 3, speed 3, slow metabolism 2
a: no special abilities


You were on level 4 of the Dungeon.
You were not hungry.

You visited 1 branch of the dungeon, and saw 5 of its levels.

You collected 216 gold pieces.

Inventory:

Hand Weapons
 a - a +3 dagger (weapon)
 w - a +0 blowgun
Missiles
 b - 13 arrows
 e - 9 poisoned needles
 j - 209 stones (quivered)
 n - 57 sling bullets
 y - 26 bolts
Armour
 c - a +0 robe (worn)
 d - a +1 cloak (worn)
 l - a +0 buckler
Jewellery
 i - an amulet of regeneration (around neck)
Wands
 k - a wand of confusion (36/48)
 r - a wand of flame (0/48)
Scrolls
 f - a scroll of blinking
Potions
 h - 2 potions of curing
 m - 2 potions of heal wounds
 o - 2 potions of brilliance {unknown}
 p - 2 potions of magic
 q - a potion of invisibility
 s - a potion of lignification {unknown}
 t - a potion of cure mutation {unknown}
 u - a potion of haste {unknown}
Comestibles
 g - 4 bread rations


   Skills:
 - Level 1.5 Fighting
 - Level 5.6 Short Blades
 * Level 4.2 Throwing
 + Level 7.6 Dodging
 * Level 13.3 Stealth


You had 7 spell levels left.
You didn't know any spells.

Dungeon Overview and Level Annotations

Branches:
Dungeon (5/15)
 Temple: D:4-7

Altars:
Dithmenos
Elyvilon
Makhleb
Nemelex Xobeh
Qazlal
Trog
Vehumet
The Shining One

Annotations:
D:4 Chiseanne's ghost, novice SpAs; Grinder


Innate Abilities, Weirdness & Mutations

You are tiny and cannot use many weapons and most armour.
You have supernaturally acute eyesight.
You are a herbivore.
You cover ground extremely quickly.
You need consume almost no food.


Message History

You suddenly lose the ability to move!
The orc barely misses you.
The adder skeleton bites you but does no damage.
The orc hits you but does no damage. Grinder hits you.
You writhe in agony.
The adder skeleton bites you.
The orc barely misses you. x2; Grinder hits you!
The adder skeleton bites you but does no damage.
The orc hits you.
The orc hits you from afar with a trident!
* * * LOW HITPOINT WARNING * * *
Grinder hits you.
* * * LOW HITPOINT WARNING * * *
You writhe in agony.
* * * LOW HITPOINT WARNING * * *
The adder skeleton bites you.
* * * LOW HITPOINT WARNING * * *
The orc hits you.
* * * LOW HITPOINT WARNING * * *
The orc barely misses you.
Grinder says, "FISH!"
Grinder hits you!
You die...

##.....##
####.......##
##...........#
##............#
#.....?..(....#
#p............#
###....o........#
#...........[...# .#
#Z@5........#####
..###.o..............
...#................
#.........o........
##..............###
#.............##
######............#
..#.# .#
#...)............##
#.#.# .#
..####..........##


You could see Grinder, 3 orcs, an adder skeleton and a neutral freed slave
(wandering).

Vanquished Creatures
  Pikel (D:4)
  Prince Ribbit (D:5)
  4 yaks (D:5)
  Menkaure (D:5)
  Duvessa (D:5)
  An ice beast (D:5)
  Dowan (D:5)
  2 orc wizards
  A worker ant (D:5)
  A hound skeleton (D:4)
  A worker ant zombie (D:5)
  4 adders
  An ooze (D:3)
  A worm (D:3)
  2 dart slugs
  3 giant geckos
  14 orcs
  A ball python (D:2)
  5 giant cockroaches
  13 goblins
  9 hobgoblins
  11 jackals
  7 quokkas
  7 bats
  4 giant newts
  7 kobolds
  8 rats
112 creatures vanquished.

Notes
Turn   | Place    | Note
--------------------------------------------------------------
     0 | D:1      | Chiseanne the Spriggan Assassin began the quest for the Orb.
     0 | D:1      | Reached XP level 1. HP: 10/10 MP: 2/2
    63 | D:1      | Reached skill level 6 in Stealth
   347 | D:1      | Reached XP level 2. HP: 13/14 MP: 3/3
  1547 | D:2      | Reached skill level 7 in Stealth
  1596 | D:2      | Reached XP level 3. HP: 18/18 MP: 4/4
  2472 | D:3      | Reached skill level 8 in Stealth
  2472 | D:3      | Reached XP level 4. HP: 12/22 MP: 5/5
  2916 | D:3      | Found a white marble altar of Elyvilon.
  3358 | D:3      | Reached XP level 5. HP: 18/25 MP: 6/6
  3899 | D:4      | Noticed Chiseanne's ghost (novice SpAs)
  4192 | D:4      | Noticed Pikel
  4192 | D:4      | Noticed a slave
  4197 | D:4      | Noticed a slave
  4198 | D:4      | Noticed a slave
  4199 | D:4      | Noticed a slave
  4202 | D:4      | Killed Pikel
  4202 | D:4      | Reached skill level 5 in Dodging
  4202 | D:4      | Reached skill level 10 in Stealth
  4202 | D:4      | Reached XP level 6. HP: 28/30 MP: 7/7
  4202 | D:4      | Reached XP level 7. HP: 31/33 MP: 8/8
  4225 | D:4      | Noticed Grinder
  4244 | D:5      | Entered Level 5 of the Dungeon
  4288 | D:5      | Found a radiant altar of Vehumet.
  4291 | D:5      | Noticed Menkaure
  4306 | D:5      | Killed Menkaure
  4306 | D:5      | Reached skill level 11 in Stealth
  4326 | D:5      | Reached skill level 5 in Short Blades
  4393 | D:5      | Noticed Duvessa
  4394 | D:5      | Noticed Dowan
  4394 | D:5      | Noticed Prince Ribbit
  4422 | D:5      | Killed Prince Ribbit
  4422 | D:5      | Reached XP level 8. HP: 24/37 MP: 9/9
  4429 | D:5      | Killed Duvessa
  4429 | D:5      | Reached skill level 12 in Stealth
  4432 | D:5      | Killed Dowan
  5434 | D:5      | Found a sparkling altar of Nemelex Xobeh.
  5435 | D:5      | Found a bloodstained altar of Trog.
  5435 | D:5      | Found a glowing golden altar of the Shining One.
  5435 | D:5      | Found a shadowy altar of Dithmenos.
  5441 | D:5      | Found a stormy altar of Qazlal.
  5441 | D:5      | Found a burning altar of Makhleb.
  5657 | D:5      | Reached skill level 13 in Stealth
  5921 | D:4      | Paralysed by Grinder for 6 turns
  5924 | D:4      | HP: 1/37 [orc (1)]
  5924 | D:4      | Mangled by Grinder

Skill      XL: |  1  2  3  4  5  6  7  8 |
---------------+-------------------------+-----
Stealth        | 6 7 8 10 11 13 | 13.3
Dodging        | 2 3 5 6 7 |  7.6
Short Blades   | 3 4 5 |  5.6
Throwing       | 4 |  4.2
Fighting       | |  1.5

Action                   |  1- 3 |  4- 6 |  7- 9 || total
-------------------------+-------+-------+-------++-------
Melee: Dagger            |   130 |   149 |   110 ||   389
 Fire: Blowgun           |     3 |    24 |    37 ||    64
Throw: Stone             |     2 |       |     8 ||    10
Evoke: Wand              |       |       |    14 ||    14
  Use: Scroll            |     6 |     9 |     1 ||    16
       Potion            |       |     1 |       ||     1
 Stab: Sleeping          |    15 |     7 |     7 ||    29
       Confused          |       |       |     3 ||     3
       Invisible         |       |       |     1 ||     1
       Distracted        |       |       |     1 ||     1
  Eat: Bread ration      |       |     1 |       ||     1
Armor: Robe              |    14 |    16 |     9 ||    39
Dodge: Dodged            |   112 |   115 |    65 ||   292
